AoeStats
← Sacresh Martire

Fortress

510199525Analyzed
4v4 RM · 14h ago on Sep 29, 2026· 6m 41s· 8 players
Game mode
Random Map
Map size
Huge
Population
200
Speed
Normal
Resources
Standard
Victory
Conquest
Starting age
Dark Age
Ending age
Imperial Age
RankedLock teamsTeams togetherTeam positionsShared explorationLock speedFull tech treeHidden civsTurbo modeCheats
Victory
Defeat
🇮🇹 Turks · Italy
879
+14
🇨🇳 Poles · China
829
+17
🇬🇧 Slavs · United Kingdom
823
+17
🇦🇷 Bohemians · Argentina
804
+18
🇦🇷 Lithuanians · Argentina
873
-18
🇺🇸 Teutons · United States
850
-17
🇺🇸 Huns · United States
842
-16
🇺🇸 Ethiopians · United States
802
-15
xxyvonnederful
SHEEP STEALER
6:11 Feudal Age
Rat Meat Pizza
0:33 Loom
Deadpool39
7:53 Feudal Age
6:36 Loom
sam.pidgeon
5:55 Loom
7:49 Feudal Age
Sacresh Martire
8:45 Feudal Age
妍芸
7:21 Feudal Age
Kayan
6:55 Feudal Age
Connection lost

Rejoining the realm…

Still unreachable

The connection could not be restored.

Session expired

The server has moved on; the page needs a fresh start.